 Dungeon Crawl Stone Soup version 0.28-a0-1312-g71652a0310 (webtiles) character file.

Game seed: 9916919029129462354

58020 Clumpoid the Wrestler (level 14, -3/120 HPs)
             Began as a Troll Fighter on Dec 27, 2021.
             Was the Champion of Cheibriados.
             Slain by a ten-headed hydra (10 damage)
             ... on level 6 of the Lair of Beasts.
             The game lasted 00:26:35 (15809 turns).

Clumpoid the Wrestler (Troll Fighter)              Turns: 15809, Time: 00:26:36

Health: -3/120     AC: 28    Str: 42    XL:     14   Next: 47%
Magic:  17/17      EV:  7    Int: 23    God:    Cheibriados [******]
Gold:   2692       SH: 19    Dex: 24    Spells: 13/13 levels left

rFire   + . .      SeeInvis .   x - +2 scimitar (flame)
rCold   + . .      Faith    .   D - +2 tower shield {rPois}
rNeg    . . .      Spirit   .   g - +2 gold dragon scales
rPois   +          Reflect  .   u - +2 hat {Will+}
rElec   +          Harm     .   (no cloak)
rCorr   .          Rampage  .   (gloves unavailable)
Will    ++...                   (boots unavailable)
Stlth   ..........              h - amulet of the acrobat
HPRegen 1.10/turn               I - +4 ring of protection
MPRegen 0.15/turn               E - ring of Ecumago {rElec AC+4}

@: studying Armour, very slow
A: large, unfitting armour, claws 3, regeneration 1, shaggy fur 1, tough skin 1,
low mp 1
a: Renounce Religion, Bend Time, Temporal Distortion, Slouch, Step From Time


You were on level 6 of the Lair of Beasts.
You worshipped Cheibriados.
Cheibriados was exalted by your worship.
You visited 3 branches of the dungeon, and saw 19 of its levels.
You also visited: Ossuary, Bailey and Volcano.

You collected 4020 gold pieces.
You spent 1328 gold pieces at shops.

Inventory:

Hand Weapons
 x - a +2 scimitar of flaming (weapon)
Missiles
 a - 6 javelins
 r - a throwing net (quivered)
Armour
 g - +2 gold dragon scales (worn)
 u - a +2 hat of willpower (worn)
 D - a +2 tower shield of poison resistance (worn)
Jewellery
 h - an amulet of the acrobat (around neck)
 E - the ring of Ecumago (right claw) {rElec AC+4}
   (You acquired it on level 2 of the Lair of Beasts)

   [ring of protection]

   AC:        It affects your AC (+4).
   rElec:     It insulates you from electricity.
 I - a +4 ring of protection (left claw)
 N - a ring of flight
Wands
 m - a wand of flame (36)
 o - a wand of paralysis (14)
 t - a wand of digging (10)
 v - a wand of polymorph (4)
 A - a wand of acid (6)
 J - a wand of iceblast (5)
Scrolls
 d - 4 scrolls of holy word
 e - 4 scrolls of silence
 f - 7 scrolls of teleportation
 j - 6 scrolls of vulnerability
 k - 4 scrolls of blinking
 l - 4 scrolls of fear
 s - 6 scrolls of identify
 w - 2 scrolls of immolation
 y - 2 scrolls of amnesia
 B - a scroll of fog
 H - 2 scrolls of magic mapping
 K - a scroll of summoning
Potions
 c - 3 potions of might
 n - 2 potions of attraction
 p - 2 potions of lignification
 q - 5 potions of curing
 F - a potion of brilliance
 G - 2 potions of heal wounds
 M - 2 potions of invisibility
 O - a potion of resistance
Miscellaneous
 z - a condenser vane
 C - a phantom mirror


   Skills:
 - Level 3.1 Fighting
 + Level 5.1 Armour
 - Level 8.4 Dodging
 - Level 5.9 Shields
 - Level 21.9 Unarmed Combat
 - Level 8.0 Invocations
 - Level 3.2 Evocations


You had 13 spell levels left.
You didn't know any spells.
Your spell library contained the following spells:

 Spells                   Type           Power      Damage    Failure   Level
 Animate Skeleton         Necr           0%         N/A       100%        1
 Apportation              Tloc           0%         N/A       100%        1
 Pain                     Necr           0%         1d4       100%        1
 Sandblast                Erth           0%         2d4       100%        1
 Sting                    Tmut/Pois      0%         1d3       100%        1
 Summon Small Mammal      Summ           0%         N/A       100%        1
 Passwall                 Tmut/Erth      0%         N/A       100%        2
 Poisonous Vapours        Pois/Air       0%         N/A       100%        2
 Scorch                   Fire           0%         2d5       100%        2
 Call Canine Familiar     Summ           0%         N/A       100%        3
 Gell's Gravitas          Tloc           0%         N/A       100%        3
 Lesser Beckoning         Tloc           0%         N/A       100%        3
 Stone Arrow              Conj/Erth      0%         3d7       100%        3
 Summon Guardian Golem    Hex/Summ       0%         N/A       100%        3
 Teleport Other           Tloc           0%         N/A       100%        3
 Vampiric Draining        Necr           0%         2d6       100%        3
 Olgreb's Toxic Radiance  Pois           0%         N/A       100%        4
 Sticky Flame             Conj/Fire      0%         2d3       100%        4
 Summon Ice Beast         Ice/Summ       0%         N/A       100%        4
 Summon Lightning Spire   Summ/Air       0%         N/A       100%        4
 Alistair's Intoxication  Tmut/Pois      0%         N/A       100%        5
 Summon Mana Viper        Hex/Summ       0%         N/A       100%        5
 Dispersal                Tloc           0%         N/A       100%        6
 Monstrous Menagerie      Summ           0%         N/A       100%        7


Dungeon Overview and Level Annotations

Branches:
Dungeon (12/15)            Temple (1/1) D:6            Lair (6/6) D:11
  Snake (0/4) Lair:4       Spider (0/4) Lair:4        Slime (0/5) Lair:5
Ossuary (visited)          Bailey (visited)         Volcano (visited)
    Orc: D:9-12

Altars:
Ashenzari
Cheibriados
Dithmenos
Elyvilon
Fedhas
Gozag
Hepliaklqana
Kikubaaqudgha
Makhleb
Okawaru
Qazlal
Ru
Trog
Uskayaw
Vehumet
Wu Jian
Xom
Yredelemnul
Zin
The Shining One

Shops:
D:4 [   D:6 *

Portals:
Trove: D:10 (give +4 demon trident)


Innate Abilities, Weirdness & Mutations

You are too large for most types of armour.
You have claws for hands.
Your natural rate of healing is unusually fast.
You are covered in fur. (AC +1)
You have tough skin. (AC +1)
Your magical capacity is low. (-10% MP)


Message History

The five-headed hydra bites you but does no damage.
The five-headed hydra bites you!
The ten-headed hydra bites you but does no damage.
The ten-headed hydra bites you.
You block the ten-headed hydra's attack.
The ten-headed hydra bites you.
The ten-headed hydra bites you but does no damage. x3
You block the ten-headed hydra's attack.
The ten-headed hydra barely misses you.
The ten-headed hydra bites you but does no damage.
The five-headed hydra bites you.
The five-headed hydra bites you but does no damage. x2
You block the five-headed hydra's attack.
The five-headed hydra bites you but does no damage.
Your shield and gold dragon scales prevent you from hitting the ten-headed hydra.
The ten-headed hydra is severely wounded.
You block the ten-headed hydra's attack.
The ten-headed hydra bites you.
You block the ten-headed hydra's attack.
The ten-headed hydra barely misses you. The ten-headed hydra bites you! x2
The ten-headed hydra bites you but does no damage. x3
The ten-headed hydra completely misses you.
The five-headed hydra bites you but does no damage.
The five-headed hydra bites you!
* * * LOW HITPOINT WARNING * * *
The five-headed hydra barely misses you.
The five-headed hydra bites you but does no damage.
The five-headed hydra bites you!
* * * LOW HITPOINT WARNING * * *
You block the ten-headed hydra's attack. x2
The ten-headed hydra bites you.
* * * LOW HITPOINT WARNING * * *
The ten-headed hydra barely misses you. The ten-headed hydra bites you!
* * * LOW HITPOINT WARNING * * *
The ten-headed hydra bites you but does no damage.
You block the ten-headed hydra's attack.
The ten-headed hydra bites you but does no damage.
You block the ten-headed hydra's attack.
The ten-headed hydra bites you!
You die...

#..............PP..####
##.
#P..............#.P..
#. .........#... .# #.
#....#....##.. .. .. #.
...........#.. .## #..
..
.....P#.P).##..#..##...
#.. ...#.........#...#
.........DD.......
..........@.PPP###
#......###....P..#
.....[...#.##.....
#.........## ##..
#........## #
##......##
##......####### #
#.........#..)#.## #
#.P............... .#


You could see a ten-headed hydra and a five-headed hydra.

Vanquished Creatures
  Gastronok (D:8)
  An ettin (D:10)
  2 fire dragons
  Fannar (D:11)
  An ice dragon (D:10)
  A boulder beetle (D:10)
  2 catoblepae
  2 two-headed ogres (D:10)
  5 hydras
  Erica (D:8)
  A deep troll shaman (Lair:6)
  6 death yaks (Lair:6)
  Urug (Lair:3)
  Nergalle (Lair:2)
  The ghost of ClockworkOrrery the Fighter, a novice GrFi of the Shining One (D:8)
  2 lindwurms
  An orc knight (Bailey)
  Pikel (D:6)
  A wolf spider (Lair:4)
  An ugly thing (D:11)
  An oklob plant (Lair:6)
  A cyclops (D:11)
  8 elephants
  5 black mambas
  2 gargoyles
  4 rime drakes
  Maggie (Lair:1)
  An unseen horror (D:11)
  12 cane toads
  Psyche (D:8)
  7 komodo dragons
  An efreet (D:8)
  A guardian mummy (D:10)
  3 trolls
  3 polar bears
  A slime creature (Lair:5)
  2 hornets
  17 blink frogs
  A jumping spider (Lair:4)
  Sigmund (D:2)
  37 yaks
  2 shadows
  3 wraiths
  9 fire bats (Volcano)
  3 wyverns
  A basilisk (Lair:6)
  4 vampire mosquitoes (D:11)
  Grum (D:11)
  2 steam dragons
  3 redbacks (Lair:4)
  2 nagas (Lair:4)
  17 water moccasins
  An acid dragon (D:10)
  3 hell hounds (Volcano)
  2 sky beasts
  11 orc warriors
  4 black bears
  An ogre (D:4)
  A necrophage (D:6)
  6 centaurs
  26 wolves
  2 kobold brigands
  12 bullfrogs
  2 gnoll sergeants (D:7)
  2 wyvern zombies
  A water moccasin zombie (D:6)
  A scorpion (D:5)
  10 wights
  8 howler monkeys
  4 electric eels
  6 lava snakes
  A bullfrog zombie (D:5)
  6 centaur zombies
  2 hounds
  8 orc priests
  9 jellies (Lair:5)
  2 centaur skeletons (D:7)
  A gnoll shaman (D:9)
  2 bullfrog skeletons
  3 iguanas
  9 orc wizards
  A killer bee zombie (D:7)
  A hound skeleton (D:4)
  A howler monkey zombie (D:7)
  11 gnolls
  7 adders
  2 shadow imps
  A white imp (D:6)
  An ufetubus (D:6)
  An adder skeleton (D:4)
  A worm (D:2)
  3 dart slugs
  52 orcs
  18 endoplasms
  5 giant cockroaches
  11 hobgoblins
  7 jackals
  12 kobolds
  2 quokkas (D:4)
  4 ball pythons
  A ball python skeleton (Ossuary)
  3 bats
  2 frilled lizards
  10 goblins
  3 hobgoblin zombies (Ossuary)
  A kobold zombie (Ossuary)
  An orc skeleton (Ossuary)
  4 orc zombies (Ossuary)
  3 rats (D:1)
505 creatures vanquished.

Vanquished Creatures (others)
  A killer bee (D:8)
  2 orcs (D:11)
  62 fungi
  67 plants
132 creatures vanquished.

Grand Total: 637 creatures vanquished

Notes
Turn   | Place    | Note
-------+----------+-------------------------------------------
     0 | D:1      | Clumpoid the Troll Fighter began the quest for the Orb.
     0 | D:1      | Reached XP level 1. HP: 22/22 MP: 0/0
   993 | D:2      | Reached XP level 2. HP: 29/29 MP: 1/1
  1062 | D:2      | Reached skill level 3 in Unarmed Combat
  1140 | D:2      | Reached XP level 3. HP: 36/36 MP: 2/2
  1566 | D:2      | Reached XP level 4. HP: 44/44 MP: 3/3
  1635 | D:2      | Noticed Sigmund
  1644 | D:2      | Killed Sigmund
  1645 | D:2      | Reached skill level 5 in Unarmed Combat
  1645 | D:2      | Reached XP level 5. HP: 28/50 MP: 4/4
  1655 | D:2      | Gained mutation: Your magical capacity is low. (-10% MP)
                  | [potion of mutation]
  2399 | D:3      | Found a glowing silver altar of Zin.
  2491 | D:4      | Reached XP level 6. HP: 59/59 MP: 4/4
  2628 | D:4      | Found Zhao Yu's Dragon-Slaying Spoils.
  3216 | D:4      | Reached skill level 6 in Unarmed Combat
  3362 | D:5      | Entered Level 5 of the Dungeon
  3362 | D:5      | Noticed a sky beast
  3366 | D:5      | Killed a sky beast
  3367 | D:5      | Reached XP level 7. HP: 66/66 MP: 5/5
  3460 | D:5      | Reached skill level 7 in Unarmed Combat
  3908 | D:6      | Found Ecieh's Assorted Antiques.
  3912 | D:6      | Bought a dark potion for 20 gold pieces
  3912 | D:6      | Bought a green potion for 20 gold pieces
  4012 | D:6      | Found a staircase to the Ecumenical Temple.
  4032 | Temple   | Entered the Ecumenical Temple
  4137 | Temple   | Became a worshipper of Cheibriados the Contemplative
  4196 | D:6      | Reached skill level 5 in Shields
  4226 | D:6      | Reached XP level 8. HP: 74/74 MP: 6/6
  4345 | D:6      | Reached skill level 8 in Unarmed Combat
  4509 | D:6      | Found a basalt altar of Yredelemnul.
  4611 | D:6      | Identified 3 scrolls of acquirement
  4616 | D:6      | Acquired a manual of Unarmed Combat
  4620 | D:6      | Acquired 914 gold pieces
  4624 | D:6      | Acquired 1142 gold pieces
  4778 | D:4      | Bought +2 gold dragon scales for 1288 gold pieces
  4971 | D:7      | Noticed Pikel
  4977 | D:6      | Killed Pikel
  4978 | D:6      | Reached skill level 10 in Unarmed Combat
  5034 | D:7      | Noticed a gargoyle
  5045 | D:7      | Killed a gargoyle
  5046 | D:7      | Reached skill level 11 in Unarmed Combat
  5046 | D:7      | Reached XP level 9. HP: 38/80 MP: 7/7
  5453 | D:7      | Reached * piety under Cheibriados
  5455 | D:7      | Reached skill level 12 in Unarmed Combat
  5773 | D:7      | Reached skill level 13 in Unarmed Combat
  6005 | D:8      | Found a sand-covered staircase.
  6011 | Ossuary  | Entered an ossuary
  6051 | Ossuary  | Reached ** piety under Cheibriados
  6184 | Ossuary  | Reached skill level 5 in Dodging
  6339 | D:8      | Noticed Psyche
  6345 | D:8      | Killed Psyche
  6346 | D:8      | Reached skill level 14 in Unarmed Combat
  6375 | D:8      | Noticed Gastronok
  6387 | D:8      | Killed Gastronok
  6388 | D:8      | Reached skill level 15 in Unarmed Combat
  6388 | D:8      | Reached XP level 10. HP: 24/88 MP: 8/8
  6455 | D:8      | Noticed Erica
  6464 | D:8      | Killed Erica
  6566 | D:8      | Found a runed translucent gate.
  6567 | D:8      | Found a runed translucent gate.
  6568 | D:8      | Found a runed translucent gate.
  6569 | D:8      | Found an opulent altar of Gozag.
  6571 | D:8      | Noticed ClockworkOrrery's ghost (novice GrFi)
  7250 | D:8      | Reached *** piety under Cheibriados
  7262 | D:8      | Killed ClockworkOrrery's ghost
  7263 | D:8      | Reached skill level 16 in Unarmed Combat
  7357 | D:9      | Found a glowing golden altar of the Shining One.
  8014 | D:10     | Entered Level 10 of the Dungeon
  8031 | D:10     | Reached XP level 11. HP: 94/94 MP: 8/8
  8037 | D:10     | Noticed a boulder beetle
  8048 | D:10     | Killed a boulder beetle
  8112 | D:10     | Noticed a two-headed ogre
  8118 | D:10     | Reached **** piety under Cheibriados
  8120 | D:10     | Killed a two-headed ogre
  8121 | D:10     | Reached skill level 17 in Unarmed Combat
  8132 | D:10     | Noticed an ice dragon
  8164 | D:10     | Noticed an ettin
  8175 | D:10     | Killed an ettin
  8208 | D:10     | Noticed a two-headed ogre
  8213 | D:10     | Killed a two-headed ogre
  8214 | D:10     | Reached skill level 1 in Invocations
  8214 | D:10     | Reached skill level 1 in Evocations
  8223 | D:10     | Killed an ice dragon
  8348 | D:10     | Identified the +7 short sword "Risupin" {venom, rElec}
  8378 | D:10     | Noticed a fire dragon
  8414 | D:10     | Killed a fire dragon
  8521 | D:10     | Found a flagged portal.
  8546 | Bailey   | Entered a bailey
  8558 | Bailey   | Reached ***** piety under Cheibriados
  8726 | Bailey   | Noticed an orc knight
  8732 | Bailey   | Killed an orc knight
  8821 | Bailey   | Identified the +12 plate armour of the Sky {rF+ rN++ Will+
                  | Int-4}
  9054 | D:10     | Found a portal to a secret trove of treasure.
  9377 | D:10     | Reached XP level 12. HP: 101/104 MP: 12/12
  9775 | D:11     | Noticed Fannar
  9781 | D:11     | Killed Fannar
  9791 | D:11     | Reached skill level 5 in Invocations
  9812 | D:11     | Noticed Grum
  9823 | D:11     | Killed Grum
  9842 | D:11     | Reached ****** piety under Cheibriados
 10143 | D:11     | Found a staircase to the Lair.
 10178 | D:11     | Identified the +0 cloak of the Elven Halls {Harm rC+ rN+
                  | Int-4}
 10404 | Lair:1   | Entered Level 1 of the Lair of Beasts
 10458 | Lair:1   | Reached skill level 18 in Unarmed Combat
 10633 | Lair:1   | Noticed Maggie
 10648 | Lair:1   | Killed Maggie
 10922 | Lair:1   | Got the Catalogue of Torrid Feathers
 11013 | Lair:1   | Found a basalt altar of Yredelemnul.
 11542 | Lair:2   | Reached skill level 19 in Unarmed Combat
 11625 | Lair:2   | Reached XP level 13. HP: 110/110 MP: 16/16
 11885 | Lair:2   | Noticed Nergalle
 11892 | Lair:2   | Killed Nergalle
 12148 | Lair:2   | Acquired the ring of Ecumago {rElec AC+4}
 12304 | Lair:3   | Noticed Urug
 12347 | Lair:3   | Killed Urug
 12348 | Lair:3   | Reached skill level 20 in Unarmed Combat
 13290 | Lair:4   | Found a staircase to the Snake Pit.
 13353 | Lair:4   | Found a hide-covered altar of Uskayaw.
 13599 | Lair:4   | Found a hole to the Spider Nest.
 13994 | Lair:5   | Found a dark tunnel.
 14018 | Volcano  | Entered a volcano
 14236 | Volcano  | Noticed a fire dragon
 14242 | Volcano  | Reached skill level 21 in Unarmed Combat
 14247 | Volcano  | Killed a fire dragon
 14288 | Volcano  | Found a radiant altar of Vehumet.
 14312 | Volcano  | Found a burning altar of Makhleb.
 14538 | Lair:5   | Found a staircase to the Slime Pits.
 14724 | Lair:5   | Reached XP level 14. HP: 96/118 MP: 17/17
 15243 | Lair:6   | Entered Level 6 of the Lair of Beasts
 15417 | Lair:6   | Reached skill level 1 in Armour
 15433 | Lair:6   | HP: 5/118 [death yak (11)]
 15766 | Lair:6   | Reached skill level 5 in Armour
 15809 | Lair:6   | Slain by a ten-headed hydra

Illustrated notes

Levels and vault maps discovered:
D:1:      evilmike_arrival_plus, layout_basic
D:2:      layout_basic, dk_vineyard_1, uniq_sigmund
D:3:      layout_loops_corners, zin_academy
D:4:      layout_loops_corners, nicolae_shop_dragon_depot
D:5:      layout_cave_pools
D:6:      layout_rooms, mainiacjoe_overflow_surrounded_room,
          minmay_temple_entry_crystal_x, serial_shops,
          nicolae_shop_hallway_stairs, minivault_25,
          chequers_serial_rivers_micro_c, item_on_display_a
D:7:      layout_gridville, uniq_pikel
D:8:      layout_basic, nicolae_ossuary_entry_plus, ebering_ghost_gozag,
          uniq_gastronok, uniq_erica, uniq_psyche
D:9:      layout_roguey, old_standard_altar, minmay_misc_feat_tiny
D:10:     minmay_the_grid_net [minmay_the_grid_dragon_a, minmay_the_grid_slots,
          minmay_the_grid_empty, minmay_the_grid_minigrid_small_alt,
          minmay_the_grid_expand, minmay_the_grid_prize_diamond_cup],
          layout_stronghold, nicolae_trove_entry_path_of_doom, enter_bailey_4
D:11:     layout_big_octagon, due_lair_maze_entry_diamond, feat_on_display,
          uniq_fannar, uniq_grum
D:12:     layout_roguey, orc_0_dummy, special_room [special_room_orc],
          gauntlet_entry_generic, uniq_erolcha
Temple:   mainiacjoe_temple_bowtie_tessellation
Lair:1:   layout_long_grid, basic_altar, uniq_maggie
Lair:2:   layout_gridlike, chequers_serial_rivers_marsh, guppyfry_lair_drakes,
          uniq_nergalle
Lair:3:   layout_cave_pods, lemuel_fruit_tree, serial_bayou_shore_b, uniq_urug
Lair:4:   layout_hall_layers, minmay_snake_entry_guardpost_small,
          spider_nest_entry_funnel_web, basic_altar,
          chequers_serial_rivers_micro_e, serial_bayou_shore_b,
          serial_bayou_shore_a, serial_bayou_shore_b
Lair:5:   lemuel_slime, layout_hall_layers, nicolae_slime_entry_slimehenge,
          nicolae_volcano_entry_s_turn, gammafunk_lair_bear_cave
Lair:6:   grunt_lair_end_beastmaster, layout_loops_ring

Skill      XL: |  1  2  3  4  5  6  7  8  9 10 11 12 13 14 |
---------------+-------------------------------------------+-----
Unarmed Combat | 3 5 6 7 11 15 16 17 19 21 | 21.9
Shields        | 3 4 5 |  5.9
Dodging        | 3 5 7 8 |  8.4
Invocations    | 3 8 |  8.0
Evocations     | 2 3 |  3.2
Armour         | 5 |  5.1
Fighting       | 3 |  3.1

Action                   |  1- 3 |  4- 6 |  7- 9 | 10-12 | 13-15 || total
-------------------------+-------+-------+-------+-------+-------++-------
Melee: Unarmed           |    96 |   103 |   191 |   478 |   442 ||  1310
       Scimitar          |       |       |       |       |    24 ||    24
Invok: Slouch            |       |       |       |       |     2 ||     2
Evoke: Wand              |       |       |       |     3 |       ||     3
  Use: Scroll            |     2 |     7 |     9 |     2 |     4 ||    24
       Potion            |     1 |     5 |     6 |       |     2 ||    14
 Stab: Petrifying        |       |       |       |       |     2 ||     2
       Petrified         |       |       |       |       |     1 ||     1
Armor: Robe              |    32 |    24 |    26 |       |       ||    82
       Gold dragon scale |       |       |    59 |   272 |   322 ||   653
Dodge: Dodged            |    30 |    32 |    55 |   231 |   188 ||   536
Block: Kite shield       |    32 |    28 |    92 |   153 |       ||   305
       Tower shield      |       |       |       |   265 |   537 ||   802

Table legend: (Time is in decaauts)
 A = Elapsed time spent in this place.
 B = Non-inter-level travel time spent in this place.
 C = Inter-level travel time spent in this place.
 D = Time resting spent in this place.
 E = Time spent auto-exploring this place.
 F = Levels seen in this place.
 G = Mean time per level.
                   A        B        C        D        E       F      G
               +--------+--------+--------+--------+--------+-----+--------+
         Total |  22569 |  20920 |   1649 |   1286 |  15585 |  22 | 1025.9 |
       Dungeon |  12033 |  10719 |   1314 |    784 |   7905 |  12 | 1002.8 |
        Temple |    149 |    106 |     43 |      0 |     83 |   1 |  149.0 |
          Lair |   8723 |   8431 |    292 |    435 |   6790 |   6 | 1453.8 |
       Ossuary |    414 |    414 |      0 |     25 |    190 |   1 |  414.0 |
        Bailey |    578 |    578 |      0 |     31 |    285 |   1 |  578.0 |
       Volcano |    671 |    671 |      0 |     10 |    330 |   1 |  671.0 |
               +--------+--------+--------+--------+--------+-----+--------+

Top non-repeatable levels by time:
  Lair:3: 1960 daAuts
    D:10: 1792 daAuts
  Lair:1: 1661 daAuts
     D:8: 1660 daAuts
  Lair:5: 1646 daAuts
  Lair:2: 1465 daAuts
     D:7: 1295 daAuts
     D:4: 1217 daAuts
  Lair:4: 1152 daAuts
    D:11: 1063 daAuts
     D:9: 998 daAuts
     D:1: 982 daAuts
     D:6: 861 daAuts
  Lair:6: 835 daAuts
     D:2: 736 daAuts
